 Dungeon Crawl Stone Soup version 0.32-a0-953-g508020473e (webtiles) character file.

Game seed: 4444734115740660119

774 Shayle the Ducker (level 7, -1/55 HPs)
             Began as a Coglin Alchemist on Apr 16, 2024.
             Was an Initiate of Gozag.
             Slain by Pikel
             ... wielding a +0 whip of freezing
              (3 damage)
             ... on level 5 of the Dungeon on Apr 17, 2024.
             The game lasted 00:10:07 (4110 turns).

Shayle the Ducker (Coglin Alchemist)                Turns: 4110, Time: 00:10:08

Health: -1/55      AC:  4    Str:  9    XL:     7   Next: 84%
Magic:  1/9        EV: 13    Int: 14    God:    Gozag
Gold:   549        SH:  0    Dex: 16    Spells: 6/9 levels left

rFire   . . .        c - +0 sling {Belessunu}
rCold   . . .        g - +3 sling (freeze) {Agam}
rNeg    . . .        a - +0 robe
rPois   .            (no helmet)
rElec   .            (no cloak)
rCorr   .            (no gloves)
SInv    .            d - +1 pair of boots
Will    .....        (amulet unavailable)
Stlth   ++           (ring unavailable)
HPRegen 0.29/turn    (ring unavailable)
MPRegen 0.11/turn    (no gizmo)

%: no passive effects
@: very slightly contaminated, revving
A: off-hand wielding, slow wielding, warmup strikes, no jewellery
a: Invent Gizmo, Renounce Religion, Potion Petition, Call Merchant, Bribe Branch


You were on level 5 of the Dungeon.
You worshipped Gozag.
Gozag was pleased with you.
You visited 2 branches of the dungeon, and saw 7 of its levels.

You collected 630 gold pieces.
You paid 81 gold pieces to Gozag.

Inventory:

Hand Weapons
 c - a +0 sling (weapon) {Belessunu}
 g - a +3 sling of freezing (offhand) {Agam}
Armour
 a - a +0 robe (worn)
 d - a +1 pair of boots (worn)
Wands
 f - a wand of charming (3)
 i - a wand of flame (24)
 r - a wand of iceblast (10)
Scrolls
 h - a scroll of poison {unknown}
 j - a scroll of amnesia
Potions
 b - a potion of magic
 e - a potion of cancellation
 k - a potion of haste
 l - a potion of curing
 n - a potion of enlightenment
 q - a potion of might


   Skills:
 + Level 4.6 Fighting
 + Level 1.3 Ranged Weapons
 + Level 4.7 Dodging
 - Level 1.5 Stealth
 - Level 1.7 Spellcasting
 - Level 0.8 Conjurations
 - Level 3.2 Alchemy
 - Level 3.4 Invocations


You had 6 spell levels left.
You knew the following spells:

 Your Spells              Type           Power      Damage    Failure   Level
a - Sting                 Conj/Alch      28%        1d4       11%         1
b - Blink                 Tloc           2%         N/A       36%         2

Your spell library contained the following spells:

 Spells                   Type           Power      Damage    Failure   Level
 Magic Dart               Conj           12%        1d3       17%         1
 Mercury Vapours          Alch/Air       10%        N/A       19%         2
 Call Imp                 Summ           2%         N/A       36%         2
 Sublimation of Blood     Necr           1%         N/A       36%         2
 Mephitic Cloud           Conj/Alch/Air  5%         N/A       38%         3
 Olgreb's Toxic Radiance  Alch           10%        N/A       54%         4
 Volatile Blastmotes      Fire/Tloc      2%         2d10      58%         3
 Petrify                  Alch/Erth      5%         N/A       77%         4
 Sticky Flame             Fire/Alch      5%         2d4       77%         4
 Vhi's Electric Charge    Tloc/Air       2%         N/A       94%         4
 Irradiate                Conj/Alch      3%         3d12      96%         5
 Gell's Gavotte           Tloc           0%         2d(11-16) 100%        6
 Summon Hydra             Summ           0%         N/A       100%        7
 Fulsome Fusillade        Conj/Alch      3%         (3-5)d4   100%        8


Dungeon Overview and Level Annotations

Branches:
Dungeon (6/15)             Temple (1/1) D:4

Altars:
Ashenzari
Dithmenos
Elyvilon
Fedhas
Gozag
Hepliaklqana
Kikubaaqudgha
Makhleb
Nemelex Xobeh
Qazlal
Ru
Sif Muna
Trog
Vehumet
Xom
Zin
The Shining One

Annotations:
D:5 Pikel


Innate Abilities, Weirdness & Mutations

You can wield a second weapon in your off-hand.
It takes a long time for you to wield or remove held weapons.
Your first few attacks do less damage.
You cannot equip rings or amulets.


Message History

The sting hits Pikel.
Pikel looks even sicker.
Pikel is severely wounded.
Pikel hits you with a +0 whip of freezing.
* * * LOW HITPOINT WARNING * * *
Pikel freezes you.
* * * LOW HITPOINT WARNING * * *
Casting: Sting (safe; 11% risk of failure)
Confirm with . or Enter, or press ? or * to list all spells.
Aiming: Sting (safe; 11% risk of failure)
Press: ? - help, Shift-Dir - straight line, f/p - Pikel
Aim: Pikel, wielding a +0 whip of freezing and wearing a +0 robe (severely wounded, very poisoned, 60% to hit)
You miscast Sting.
Nothing appears to happen.
Pikel closely misses you.
Unknown command.
Casting: Sting (safe; 11% risk of failure)
Confirm with . or Enter, or press ? or * to list all spells.
Aiming: Sting (safe; 11% risk of failure)
Press: ? - help, Shift-Dir - straight line, f/p - Pikel
Aim: Pikel, wielding a +0 whip of freezing and wearing a +0 robe (severely wounded, very poisoned, 60% to hit)
The sting misses Pikel.
Pikel barely misses you.
Unknown command.
Casting: Sting (safe; 11% risk of failure)
Confirm with . or Enter, or press ? or * to list all spells.
Aiming: Sting (safe; 11% risk of failure)
Press: ? - help, Shift-Dir - straight line, f/p - Pikel
Aim: Pikel, wielding a +0 whip of freezing and wearing a +0 robe (severely wounded, very poisoned, 60% to hit)
The sting misses Pikel.
Pikel hits you with a +0 whip of freezing.
* * * LOW HITPOINT WARNING * * *
Pikel freezes you.
* * * LOW HITPOINT WARNING * * *
You shoot a sling bullet. The sling bullet misses Pikel.
You shoot a sling bullet.
The sling bullet hits Pikel but does no damage.
Pikel is severely wounded.
Pikel hits you with a +0 whip of freezing!
* * * LOW HITPOINT WARNING * * *
Pikel freezes you.
You die...
Pikel says, "Another soul for the market."
Your body crumbles into a pile of gold.

###....#...........#######.....#.
.##....#...........##...##.....#.
.##...##....##.....##..........#.
.#############.....##...##....##.
..# #......#.....'....####'####
..# #.>....#....[#.............
.## #.....##.....##............
.## #.....#####'###.........[..
..# #......#.K@..#.............
#.#####..>...#.....#.............
.............#.....##...##.......
♣♣♣♣♣♣♣......#.....#######.......
............#########...#........
♣.♣♣♣.♣.....##.....##...'.....##.
♣.....♣.....#...........#.....##.
♣.._..♣.....#...........##....##.
♣.....♣.....##.....##(..##....##.


You could see Pikel (very poisoned).

Vanquished Creatures
  Sigmund (D:5)
  A lemure (D:6)
  A kobold brigand (D:6)
  A scorpion (D:5)
  A howler monkey (D:5)
  A hound (D:5)
  An orc priest (D:3)
  Ijyb (D:5)
  4 iguanas
  A sleepcap (D:4)
  An orc wizard (D:3)
  9 adders
  A ribbon worm (D:3)
  A dart slug (D:2)
  11 orcs
  5 bats
  7 endoplasms
  6 giant cockroaches
  6 goblins
  9 hobgoblins
  8 jackals (D:3)
  2 quokkas
  6 ball pythons
  5 frilled lizards
  14 kobolds
  5 rats
109 creatures vanquished.

Notes
Turn   | Place    | Note
-------+----------+-------------------------------------------
     0 | D:1      | Shayle the Coglin Alchemist began the quest for the Orb.
     0 | D:1      | Reached XP level 1. HP: 13/13 MP: 3/3
   154 | D:1      | Reached XP level 2. HP: 7/20 MP: 4/4
   299 | D:1      | Found a faded altar of an unknown god.
   380 | D:1      | Reached skill level 1 in Fighting
   626 | D:2      | Reached skill level 1 in Invocations
   626 | D:2      | Reached XP level 3. HP: 22/26 MP: 5/5
   818 | D:2      | Reached XP level 4. HP: 33/33 MP: 6/6
  1142 | D:3      | Found a sparkling altar of Nemelex Xobeh.
  1294 | D:4      | Found a staircase to the Ecumenical Temple.
  1310 | Temple   | Entered the Ecumenical Temple
  1347 | Temple   | Became a worshipper of Gozag Ym Sagoz the Greedy
  1518 | D:4      | Reached XP level 5. HP: 39/39 MP: 7/7
  1672 | D:4      | Learned a level 2 spell: Blink
  1767 | D:4      | Identified the +8 whip of Putrescence {heavy, rCorr Int+3
                  | SInv}
  2176 | D:4      | Reached XP level 6. HP: 47/47 MP: 8/8
  2972 | D:5      | Entered Level 5 of the Dungeon
  3016 | D:5      | Found an ancient bone altar of Kikubaaqudgha.
  3073 | D:5      | Noticed Sigmund
  3095 | D:5      | Killed Sigmund
  3096 | D:5      | Reached XP level 7. HP: 25/53 MP: 9/9
  3233 | D:5      | Noticed Ijyb
  3240 | D:5      | Killed Ijyb
  3273 | D:5      | Found a hazy altar of Hepliaklqana.
  3978 | D:6      | Reached skill level 1 in Ranged Weapons
  4082 | D:6      | Noticed Pikel
  4110 | D:5      | HP: 2/55 [Pikel/+0 whip of freezing (8)]
  4110 | D:5      | Slain by Pikel

Illustrated notes

Levels and vault maps discovered:
D:1:      mrwooster_arrival_statue_3, layout_rooms,
          dreamdust_ecumenical_altar_hidden_monk_grotto
D:2:      layout_rooms
D:3:      layout_loops_cross, mainiacjoe_overflow_catwalk, minivault_26,
          grunt_decor_arrowhead, eino_curves_01
D:4:      layout_basic, minmay_temple_entry_junction_2, hex_large,
          minmay_misc_feat_hallway
D:5:      layout_gridville, mainiacjoe_overflow_cross_hatched,
          worldfamousw_hep_ancestral_shrine, uniq_sigmund, uniq_ijyb
D:6:      layout_loops_cross, slow_altar_1, gammafunk_ghost_necromancy,
          uniq_pikel
Temple:   dpeg_chambers_temple

Skill      XL: |  1  2  3  4  5  6  7 |
---------------+----------------------+-----
Dodging        | 2 3 4 |  4.7
Fighting       | 1 2 3 4 |  4.6
Invocations    | 1 2 3 |  3.4
Ranged Weapons | 1 |  1.3
Stealth        | |  1.5
Spellcasting   | |  1.7
Conjurations   | |  0.8
Alchemy        | |  3.2

Action                     |  1- 3 |  4- 6 |  7- 9 || total
---------------------------+-------+-------+-------++-------
   Fire: Sling             |   139 |   300 |   124 ||   563
   Cast: Sting             |       |       |     7 ||     7
    Use: Scroll            |       |     2 |     9 ||    11
         Potion            |       |     1 |     3 ||     4
 Armour: Robe              |    33 |    25 |    29 ||    87
  Dodge: Dodged            |    38 |    32 |    20 ||    90

Table legend: (Time is in decaauts)
 A = Elapsed time spent in this place.
 B = Non-inter-level travel time spent in this place.
 C = Inter-level travel time spent in this place.
 D = Time resting spent in this place.
 E = Time spent auto-exploring this place.
 F = Levels seen in this place.
 G = Mean time per level.
                   A        B        C        D        E       F      G
               +--------+--------+--------+--------+--------+-----+--------+
         Total |   4237 |   4019 |    218 |    392 |   2706 |   7 |  605.3 |
       Dungeon |   4173 |   3955 |    218 |    392 |   2706 |   6 |  695.5 |
        Temple |     64 |     64 |      0 |      0 |      0 |   1 |   64.0 |
               +--------+--------+--------+--------+--------+-----+--------+

Top non-repeatable levels by time:
     D:4: 1103 daAuts
     D:5: 995 daAuts
     D:3: 811 daAuts
     D:1: 636 daAuts
     D:2: 456 daAuts
     D:6: 169 daAuts
  Temple: 64 daAuts
